AoeStats
← haristo

Black Forest

508052515Analyzed
4v4 RM · 11d ago on Sep 20, 2026· 63m 1s· 8 players
Game mode
Random Map
Map size
Large (8 player)
Population
200
Speed
Normal
Resources
Standard
Victory
Conquest
Starting age
Dark Age
Ending age
Imperial Age
RankedLock teamsTeams togetherTeam positionsShared explorationLock speedFull tech treeHidden civsTurbo modeCheats
Victory
Defeat
🇮🇳 Teutons · India
981
+12
🇹🇷 Malians · Türkiye
945
+14
🇹🇷 Hindustanis · Türkiye
945
+14
🇹🇼 Franks · Taiwan
940
+14
🇹🇷 Persians · Türkiye
973
-17
🇹🇷 Goths · Türkiye
945
-44
🇩🇪 Franks · Germany
850
-12
🇹🇷 Franks · Türkiye
803
-10
3345678
3:07 Loom
3:12 Loom
11:58 Feudal Age
13:44 Wheelbarrow
15:57 Castle Age
15:41 Double-Bit Axe
17:32 Bow Saw
22:10 Gold Mining
30:06 Forging
30:01 Scale Barding Armor
33:29 Imperial Age
30:48 Town Watch
32:17 Chain Barding Armor
32:32 Iron Casting
32:01 Caravan
33:18 Gold Shaft Mining
32:34 Stone Mining
33:04 Husbandry
32:25 Light Cavalry
33:52 Hand Cart
33:54 Cavalier
34:40 Chivalry
36:51 Plate Barding Armor
37:16 Blast Furnace
38:16 Blast Furnace
37:40 Conscription
37:13 Paladin
38:27 Town Patrol
50:24 Scale Mail Armor
53:33 Pikeman
54:14 Squires
54:00 Arson
MAD
0:29 Loom
15:22 Feudal Age
16:59 Double-Bit Axe
17:58 Wheelbarrow
18:57 Horse Collar
19:56 Gold Mining
21:19 Stone Mining
26:32 Castle Age
28:27 Bow Saw
28:34 Hand Cart
28:21 Heavy Plow
28:15 Fletching
28:25 Padded Archer Armor
29:13 Bodkin Arrow
30:58 Stone Shaft Mining
31:10 Gold Shaft Mining
32:37 Leather Archer Armor
33:26 Fortified Wall
33:39 Ballistics
37:07 Imperial Age
34:31 Town Watch
37:39 Elite Gbeto
39:24 Chemistry
39:02 Ring Archer Armor
40:31 Hoardings
40:52 Conscription
41:46 Forging
43:10 Iron Casting
53:13 Caravan
iamlegolas312
0:27 Loom
10:28 Feudal Age
11:50 Double-Bit Axe
13:22 Gold Mining
14:26 Horse Collar
19:25 Stone Mining
22:07 Castle Age
23:06 Bow Saw
22:59 Heavy Plow
22:51 Pikeman
23:45 Town Watch
24:56 Stone Shaft Mining
26:49 Wheelbarrow
28:08 Ballistics
29:57 Hand Cart
30:35 Fletching
34:36 Imperial Age
32:27 Masonry
33:28 Caravan
36:58 Two-Man Saw
37:02 Chemistry
36:24 Conscription
36:27 Ironclad
36:33 Ironclad
37:22 Crop Rotation
37:22 Bodkin Arrow
38:28 Forging
38:23 Padded Archer Armor
38:32 Siege Engineers
40:51 Heavy Scorpion
41:00 Halberdier
42:30 Squires
43:06 Iron Casting
42:31 Scale Mail Armor
42:47 Leather Archer Armor
46:16 Blast Furnace
45:31 Chain Mail Armor
49:22 Plate Mail Armor
49:23 Ring Archer Armor
50:20 Town Patrol
50:28 Scale Barding Armor
51:26 Bloodlines
51:30 Onager
53:00 Siege Onager
62:22 Chain Barding Armor
63:34 Hoardings
karaokur
0:29 Loom
13:44 Feudal Age
14:22 Horse Collar
14:32 Double-Bit Axe
15:27 Wheelbarrow
21:07 Castle Age
20:45 Stone Mining
20:46 Gold Mining
22:38 Hand Cart
22:32 Heavy Plow
22:49 Bow Saw
23:40 Stone Shaft Mining
25:56 Forging
25:52 Scale Barding Armor
25:38 Fletching
25:49 Padded Archer Armor
32:56 Imperial Age
32:30 Iron Casting
32:15 Chain Barding Armor
32:11 Leather Archer Armor
31:52 Bodkin Arrow
32:37 Caravan
34:11 Husbandry
33:35 Heavy Camel Rider
35:02 Gold Shaft Mining
35:44 Blast Furnace
35:33 Plate Barding Armor
36:42 Two-Man Saw
36:27 Grand Trunk Road
36:48 Conscription
36:36 Imperial Camel Rider
42:07 Ring Archer Armor
41:50 Bracer
44:08 Shatagni
45:15 Chemistry
44:37 Ballistics
48:02 Squires
47:48 Arson
50:43 Scale Mail Armor
haristo
13:15 Feudal Age
19:19 Double-Bit Axe
19:27 Gold Mining
19:27 Stone Mining
23:31 Castle Age
23:37 Castle Age
22:18 Wheelbarrow
21:29 Town Watch
21:29 Loom
25:08 Gold Shaft Mining
25:29 Bow Saw
28:26 Hand Cart
32:02 Husbandry
33:18 Caravan
33:30 Scale Mail Armor
33:44 Forging
33:39 Scale Barding Armor
34:48 Town Patrol
35:35 Fortified Wall
35:21 Murder Holes
35:36 Masonry
37:53 Chain Barding Armor
38:08 Iron Casting
39:01 Pikeman
39:41 Squires
39:27 Arson
39:28 Gambesons
40:40 Murder Holes
44:29 Imperial Age
45:33 Halberdier
49:07 Architecture
48:43 Siege Engineers
48:59 Ballistics
49:57 Cavalier
51:33 Plate Barding Armor
51:59 Blast Furnace
54:48 Paladin
DrunkDeno
0:53 Loom
13:30 Feudal Age
16:29 Wheelbarrow
15:43 Horse Collar
15:57 Gold Mining
15:58 Stone Mining
24:35 Man-at-Arms
32:19 Forging
32:10 Scale Mail Armor
35:07 Castle Age
33:36 Double-Bit Axe
37:01 Heavy Plow
37:28 Hand Cart
38:00 Long Swordsman
38:01 Pikeman
38:43 Squires
51:01 Imperial Age
51:59 Two-Handed Swordsman
51:59 Halberdier
52:10 Two-Handed Swordsman
53:53 Iron Casting
53:34 Chain Mail Armor
57:35 Caravan
Furkan
10:03 Feudal Age
17:24 Castle Age
17:18 Stone Mining
17:19 Gold Mining
17:41 Double-Bit Axe
24:47 Gold Shaft Mining
24:05 Horse Collar
25:13 Heavy Plow
25:26 Bow Saw
26:14 Wheelbarrow
25:24 Town Watch
25:25 Loom
27:09 Hand Cart
28:40 Stone Shaft Mining
28:34 Town Patrol
30:03 Scale Barding Armor
30:09 Forging
34:00 Imperial Age
32:53 Chain Barding Armor
33:09 Iron Casting
35:21 Crop Rotation
34:54 Elite War Elephant
35:57 Onager
37:20 Caravan
39:14 Two-Man Saw
38:17 Scale Mail Armor
39:18 Blast Furnace
42:37 Plate Barding Armor
42:18 Chain Mail Armor
42:03 Padded Archer Armor
41:54 Fletching
42:35 Coinage
42:15 Guilds
44:32 Banking
50:19 Plate Mail Armor
50:05 Leather Archer Armor
49:45 Bodkin Arrow
50:29 Cavalier
51:09 Husbandry
53:20 Savar
56:13 Heavy Camel Rider
58:54 Ring Archer Armor
ichpieksdeimudda3
0:41 Loom
14:23 Feudal Age
19:36 Castle Age
17:27 Double-Bit Axe
18:05 Gold Mining
18:05 Stone Mining
21:10 Wheelbarrow
21:20 Bow Saw
21:58 Caravan
23:08 Gold Shaft Mining
32:30 Imperial Age
30:34 Hand Cart
30:05 Town Watch
30:43 Scale Barding Armor
31:16 Forging
31:14 Husbandry
30:35 Light Cavalry
32:00 Chain Barding Armor
32:50 Iron Casting
32:35 Fortified Wall
32:24 Murder Holes
33:31 Conscription
32:35 Cavalier
33:57 Plate Barding Armor
34:21 Paladin
36:15 Blast Furnace
35:25 Chivalry
47:32 Pikeman
48:22 Scale Mail Armor
48:16 Halberdier
49:29 Chain Mail Armor
Connection lost

Rejoining the realm…

Still unreachable

The connection could not be restored.

Session expired

The server has moved on; the page needs a fresh start.